 Dungeon Crawl Stone Soup version 0.21.0-3-g78d12a8 (webtiles) character file.

238 komo4ek the Ducker (level 5, -3/25 HPs)
             Began as a Spriggan Artificer on Jan 9, 2018.
             Hit by a tomahawk thrown by an orc (9 damage)
             ... on level 3 of the Dungeon.
             The game lasted 00:08:31 (3905 turns).

komo4ek the Ducker (Spriggan Artificer)             Turns: 3905, Time: 00:08:32

Health: -3/25      AC:  2    Str:  8    XL:     5   Next: 78%
Magic:  9/9        EV: 20    Int: 13    God:
Gold:   57         SH:  0    Dex: 17    Spells: 4/4 levels left

rFire    + . .     SeeInvis +   o - +0 dagger (venom)
rCold    . . .     Gourm    .   (shield restricted)
rNeg     . . .     Faith    .   b - +0 robe
rPois    .         Spirit   .   (helmet restricted)
rElec    .         Reflect  .   (no cloak)
rCorr    .         Harm     .   (gloves unavailable)
MR       .....                  (boots unavailable)
Stlth    ++........             (no amulet)
HPRegen  0.08/turn              q - ring of protection from fire
MPRegen  0.11/turn              (no ring)

@: very quick
A: very small, unfitting armour, see invisible, herbivore, speed 3, slow
metabolism 2
a: no special abilities


You were on level 3 of the Dungeon.
You were not hungry.

You visited 1 branch of the dungeon, and saw 3 of its levels.

You collected 57 gold pieces.

Inventory:

Hand Weapons
 a - a +0 short sword
 o - a +0 dagger of venom (weapon)
Armour
 b - a +0 robe (worn)
Jewellery
 q - a ring of protection from fire (left hand)
 r - an uncursed ring of flight {unknown}
Wands
 c - a wand of flame (15)
 d - a wand of enslavement (15)
 e - a wand of random effects (15)
Scrolls
 g - a scroll of teleportation {unknown}
 h - 4 scrolls of immolation {unknown}
 i - a scroll of amnesia {unknown}
 j - 3 scrolls of remove curse {unknown}
 l - a scroll of fear {unknown}
 m - a scroll of enchant armour {unknown}
 p - a scroll of noise {unknown}
Potions
 k - a potion of mutation {unknown}
 n - a potion of invisibility {unknown}
Comestibles
 f - 2 rations


   Skills:
 + Level 1.2 Fighting
 * Level 4.5 Short Blades
 * Level 1.7 Armour
 + Level 4.8 Dodging
 - Level 1.5 Stealth
 - Level 4.0 Evocations


You had 4 spell levels left.
You didn't know any spells.

Dungeon Overview and Level Annotations

Branches:
Dungeon (3/15)

Altars:


Innate Abilities, Weirdness & Mutations

You are very small and have problems with some larger weapons.
You are too small for most types of armour.
You have supernaturally acute eyesight. (SInv)
You are a herbivore.
You cover ground extremely quickly.
You need consume almost no food.


Message History

The orc wizard seems to speed up.
The orc closely misses you.
You hear a shout!
The orc closely misses you.
You closely miss the orc.
The orc is heavily wounded.
You hit the orc wizard.
The orc wizard is poisoned.
The orc wizard is lightly wounded.
The orc hits you. The orc wizard misses you.
You hit the orc.
The orc is severely wounded.
The orc barely misses you. The orc wizard casts a spell at you.
The magic dart hits you!
* * * LOW HITPOINT WARNING * * *
An orc comes into view.
The orc wizard shouts!
You hear an angry hiss.
Found two stone staircases leading down.
The orc shouts!
You hear a shout!
The orc throws a tomahawk.
The tomahawk hits you!
You die...

##..##.......# ###)##........
.... ###..#............##....
..##.(...................
...(............# .... ..
..)(#..........###... >.> .
...)...............##....oo
....#..........##..o.......
)...............@....# ....
................#.####..###
..................o.o......
.....###......#...o...####
.........#.........##....^.
#..#####.....###....# ≈.≈≈.
##..................#≈≈≈≈≈≈w##
########.....†....#≈#≈≈≈≈≈≈#≈##
# ##..#.†...≈≈≈≈≈<.≈≈≈≈≈≈#


You could see an orc wizard and 2 orcs.

Vanquished Creatures
  A bullfrog (D:3)
  2 orc wizards (D:3)
  2 gnolls (D:1)
  An adder (D:2)
  An ooze (D:1)
  4 dart slugs
  A leopard gecko (D:1)
  9 orcs
  2 giant cockroaches
  10 goblins
  6 hobgoblins
  9 jackals
  A quokka (D:2)
  7 bats
  3 frilled lizards
  7 kobolds
  4 rats (D:1)
70 creatures vanquished.

Notes
Turn   | Place    | Note
-------+----------+-------------------------------------------
     0 | D:1      | komo4ek the Spriggan Artificer began the quest for the Orb.
     0 | D:1      | Reached XP level 1. HP: 9/9 MP: 4/4
    52 | D:1      | Reached XP level 2. HP: 6/14 MP: 6/6
  1020 | D:1      | Reached skill level 1 in Fighting
  1030 | D:1      | Reached XP level 3. HP: 2/18 MP: 7/7
  1458 | D:1      | Reached skill level 1 in Armour
  2199 | D:2      | Reached XP level 4. HP: 22/22 MP: 8/8
  3562 | D:3      | Reached XP level 5. HP: 18/25 MP: 9/9
  3905 | D:3      | Hit by a tomahawk thrown by an orc

Skill      XL: |  1  2  3  4 |
---------------+-------------+-----
Short Blades   | 2 3 4 |  4.5
Fighting       | 1 |  1.2
Armour         | 1 |  1.7
Dodging        | 4 |  4.8
Stealth        | |  1.5
Evocations     | |  4.0

Action                   |  1- 3 |  4- 6 || total
-------------------------+-------+-------++-------
Melee: Short sword       |   184 |    84 ||   268
       Dagger            |       |    61 ||    61
 Stab: Sleeping          |     2 |       ||     2
  Eat: Ration            |       |     1 ||     1
Armor: Robe              |    16 |    12 ||    28
Dodge: Dodged            |   157 |   138 ||   295
